 Dungeon Crawl Stone Soup version 0.27-b1-41-gafb5482f4b (webtiles) character file.

Game seed: 4459661281285893938

16 Brandom the Chucker (level 2, 0/24 HPs)
             Began as a Demigod Hunter on July 28, 2021.
             Slain by a quokka (2 damage)
             ... on level 1 of the Dungeon.
             The game lasted 00:01:33 (787 turns).

Brandom the Chucker (Demigod Hunter)                 Turns: 787, Time: 00:01:33

Health: 0/24       AC:  3    Str: 13    XL:     2   Next: 27%
Magic:  4/4        EV: 12    Int: 13    God:
Gold:   26         SH:  0    Dex: 14    Spells: 1/1 levels left

rFire    . . .     SeeInvis .   a - +0 short sword
rCold    . . .     Faith    .   (no shield)
rNeg     . . .     Spirit   .   b - +0 leather armour
rPois    .         Reflect  .   (no helmet)
rElec    .         Harm     .   (no cloak)
rCorr    .         Rampage  .   (no gloves)
Will     .....                  (no boots)
Stlth    +.........             (no amulet)
HPRegen  0.08/turn              (no ring)
MPRegen  0.09/turn              (no ring)

@: no status effects
A: high mp 1, forlorn
a: no special abilities


You were on level 1 of the Dungeon.
You visited 1 branch of the dungeon, and saw 1 of its levels.

You collected 26 gold pieces.

Inventory:

Hand Weapons
 a - a +0 short sword (weapon)
Missiles
 c - 5 javelins (quivered)
 d - 2 throwing nets {!f}
Armour
 b - a +0 leather armour (worn)
Scrolls
 g - a scroll of noise {unknown}
Potions
 e - 2 potions of resistance {unknown}
 f - a potion of heal wounds {unknown}


   Skills:
 * Level 2.2 Fighting
 * Level 3.9 Throwing
 + Level 2.0 Dodging
 - Level 0.8 Stealth


You had one spell level left.
You didn't know any spells.
Your spell library was empty.

Dungeon Overview and Level Annotations

Branches:
Dungeon (1/15)


Innate Abilities, Weirdness & Mutations

Your attributes grow dramatically as you level up.
You have an increased reservoir of magic. (+10% MP)
You shall have no god before yourself.


Message History

You hit the hobgoblin.
You kill the hobgoblin!
You see here a bat corpse.
You see here a +0 ring mail.
You enter the shallow water.
Moving in this stuff is going to be slow.
A quokka comes into view.
Found a puce potion.
A bat and a goblin come into view.
The goblin shouts!
You hit the quokka. The bat hits you but does no damage.
The quokka barely misses you.
Your leather armour prevents you from hitting the quokka.
The bat closely misses you. The quokka bites you. The bat barely misses you.
The bat misses you. The bat barely misses you. The bat barely misses you. x2
The bat barely misses you. The bat barely misses you. The bat misses you.
The quokka barely misses you. The bat closely misses you.
You completely miss the bat. The bat closely misses you.
You hit the goblin but do no damage.
The goblin hits you with a +0 dagger. x2
You hit the goblin. The goblin hits you with a +0 dagger.
You hit the goblin. The goblin hits you with a +0 dagger.
You hit the goblin.
You kill the goblin!
The bat hits you but does no damage.
You closely miss the quokka. The quokka barely misses you. x2
You closely miss the quokka. The quokka bites you.
You hit the quokka. The quokka bites you.
* * * LOW HITPOINT WARNING * * *
You closely miss the quokka. The quokka bites you.
* * * LOW HITPOINT WARNING * * *
The quokka barely misses you.
You hit the quokka.
The quokka bites you but does no damage.
You barely miss the quokka.
The quokka bites you but does no damage.
You barely miss the quokka. The quokka closely misses you.
You hit the quokka but do no damage. The quokka bites you.
* * * LOW HITPOINT WARNING * * *
The quokka bites you.
* * * LOW HITPOINT WARNING * * *
Throw: 6 javelins
Aim: a bat (46% to hit)
You throw a javelin. The javelin barely misses the quokka.
The javelin pierces through the bat.
You kill the bat!
The quokka bites you.
You die...

........# ........# .
........# . ........# .
#.#### . #....# . ...
#....# .......
#####....#
.......#######..@r†..(#
........≈≈..≈#.###....#
.......≈..≈....####..##
≈≈≈≈≈≈..≈≈≈≈≈≈≈≈≈##..#
≈≈≈≈≈≈≈≈≈≈≈≈≈≈≈≈≈≈#.##
...≈........≈..##≈###
.#...≈....≈...###≈≈#
###....≈≈≈≈..##.#### #
###.#.....[..[..#


You could see a quokka.

Vanquished Creatures
  3 bats (D:1)
  3 endoplasms (D:1)
  A giant cockroach (D:1)
  2 goblins (D:1)
  4 hobgoblins (D:1)
  A frilled lizard (D:1)
14 creatures vanquished.

Notes
Turn   | Place    | Note
-------+----------+-------------------------------------------
     0 | D:1      | Brandom the Demigod Hunter began the quest for the Orb.
     0 | D:1      | Reached XP level 1. HP: 17/17 MP: 3/3
   192 | D:1      | Reached XP level 2. HP: 9/24 MP: 4/4
   787 | D:1      | Slain by a quokka

Illustrated notes

Levels and vault maps discovered:
D:1:      minmay_arrival_five_plusses, layout_rooms, serial_rivers,
          chequers_serial_rivers_small_3, chequers_serial_rivers_room_a,
          chequers_serial_rivers_micro_c, chequers_serial_rivers_small_a,
          chequers_serial_rivers_small_3, st_stairs_2

Skill      XL: |  1  2 |
---------------+-------+-----
Fighting       | 2 |  2.2
Dodging        | 2 |  2.0
Throwing       | |  3.9
Stealth        | |  0.8

Action                   || total
-------------------------++-------
Melee: Short sword       ||    68
Throw: Javelin           ||     1
Armor: Leather armour    ||    24
Dodge: Dodged            ||    41
